cohdb
Replays
Latest Replays
All Replays
Popular Replays
Top Player Replays
Match Explorer
How It Works
Community
CoH3 Stats
Reddit
Sign in to upload your games and track your stats! →
Sign in with Steam
Match 38708953
Unlisted
Match 38708953
Overview
Messages
Build Orders
End
Construct Section Command Post
Infantry Section
Infantry Section
ML 3-inch Mortar Team
Vickers Machine Gun Team
Construct Platoon Command Post
Humber Armored Car
Grenade Package
Selects Indian Artillery Battlegroup
Selects Valour
Selects Gurkha Rifles Section
Gurkha Rifles Section
6-pounder Anti-tank Gun Team
Construct Company Command Post
Matilda II Heavy Tank
Infantry Training
Selects Volunteer Infantry
Unlock M3 Grant Medium Tanks
Foot Guards Section
M3 Grant Medium Tank
Selects Artillery Saturation
Selects Off-map Airburst Barrage
M3 Grant Medium Tank
atank
K. Ronaldo
FeriG
PAX AJAX
0
0
Comments
sign in to comment!
No comments posted yet!